[ AOE2 MATCH · #507169817 ]
UnrankedSicilians vs Bohemians
Player's team · LOSS
[ REPLAY ANALYSIS · EXTRACTED FROM THE RECORDED GAME ]
Feudal
—
Castle
—
Imperial
—
| APM avg | 31.6 |
| APM peak | 67 |
| eAPM avg | 15.7 |
| Villagers / military | 21 / 0 |
Focus
⚔️ 30.5% · 🌾 69.5%
Feudal
9:38
Castle
—
Imperial
—
| APM avg | 21.0 |
| APM peak | 32 |
| eAPM avg | 11.2 |
| Villagers / military | 23 / 0 |
Focus
⚔️ 9.9% · 🌾 90.1%
Match map
Initial resources + every placement click. Lines = walls · curves = elevation contours. ◆ gold · ⬟ stone · ● berries · ✦ relic · ◌ wall gap
Your base
Robert Bruce's base
Smoothed initial terrain · ◌ = detected wall gap · hover for details
Inputs per minute
— Papapishu8352 - - Robert Bruce
Build order — Papapishu8352
29 actions detected in the replay
| 0:00 | Queue | Villager (Male) |
| 0:01 | Queue | Villager (Male) |
| 0:02 | Build | House |
| 0:04 | Build | House |
| 0:34 | Queue | Villager (Male) |
| 0:34 | Queue | Villager (Male) |
| 1:32 | Queue | Villager (Male) |
| 2:00 | Queue | Villager (Male) |
| 2:20 | Queue | Villager (Male) |
| 2:44 | Queue | Villager (Male) |
| 3:09 | Queue | Villager (Male) |
| 3:31 | Queue | Villager (Male) |
| 3:57 | Build | Lumber Camp |
| 4:00 | Build | House |
| 4:24 | Queue | Villager (Male) |
| 4:25 | Queue | Villager (Male) |
| 4:43 | Queue | Villager (Male) |
| 4:43 | Queue | Villager (Male) |
| 6:21 | Queue | Villager (Male) |
| 6:22 | Queue | Villager (Male) |
| 6:22 | Queue | Villager (Male) |
| 6:22 | Queue | Villager (Male) |
| 6:55 | Build | House |
| 7:22 | Research | Loom |
| 7:23 | Queue | Villager (Male) |
| 8:28 | Build | Town Center |
| 9:10 | Queue | Villager (Male) |
| 9:11 | Queue | Villager (Male) |
| 9:45 | Build | Mill |
Build order — Robert Bruce
39 actions detected in the replay
| 0:00 | Queue | Villager (Male) |
| 0:00 | Queue | Villager (Male) |
| 0:01 | Queue | Villager (Male) |
| 0:01 | Queue | Villager (Male) |
| 0:03 | Build | House |
| 0:05 | Build | House |
| 1:25 | Queue | Villager (Male) |
| 1:26 | Queue | Villager (Male) |
| 2:08 | Queue | Villager (Male) |
| 2:13 | Build | Lumber Camp |
| 2:35 | Queue | Villager (Male) |
| 2:35 | Queue | Villager (Male) |
| 2:55 | Queue | Villager (Male) |
| 3:10 | Queue | Villager (Male) |
| 3:10 | Queue | Villager (Male) |
| 3:41 | Queue | Villager (Male) |
| 4:03 | Build | House |
| 4:05 | Build | House |
| 4:10 | Build | House |
| 4:32 | Queue | Villager (Male) |
| 5:12 | Build | House |
| 5:16 | Queue | Villager (Male) |
| 5:17 | Queue | Villager (Male) |
| 5:17 | Queue | Villager (Male) |
| 5:45 | Build | Mill |
| 6:14 | Queue | Villager (Male) |
| 6:17 | Research | Loom |
| 7:28 | Research | Feudal Age |
| 7:33 | Build | Mining Camp |
| 8:43 | Build | House |
| 8:47 | Build | House |
| 9:16 | Queue | Villager (Male) |
| 9:16 | Queue | Villager (Male) |
| 9:38 | Age | Feudal Age |
| 9:43 | Build | Watch Tower |
| 9:50 | Build | Market |
| 9:58 | Queue | Villager (Male) |
| 9:59 | Queue | Villager (Male) |
| 9:59 | Queue | Villager (Male) |
Match timeline
| 9:38 | Robert Bruce · age_up feudal |
| 10:40 | Papapishu8352 · resign |
[ AI ANALYSIS · 1 CREDIT ]
What really happened in this match?
Wolo.gg analyzes every decision: build order, eco, micro, common mistakes by bracket. Personalized analysis on WhatsApp or Discord in 30 seconds.
Civ guide
Sicilians
Perfil
Papapishu8352